 Dungeon Crawl Stone Soup version 0.27-a0-1193-g8631133539 (webtiles) character file.

Game seed: 13589043940474532868

198 siradein the Slasher (level 5, 44/45 HPs)
             Began as a Minotaur Fighter on May 27, 2021.
             Quit the game on level 4 of the Dungeon.
             The game lasted 00:05:56 (3009 turns).

siradein the Slasher (Minotaur Fighter)             Turns: 3009, Time: 00:05:56

Health: 44/45      AC: 12    Str: 21    XL:     5   Next: 47%
Magic:  4/4        EV: 21    Int:  5    God:
Gold:   198        SH:  0    Dex: 10    Spells: 4/4 levels left

rFire    . . .     SeeInvis +   (weapon currently unavailable)
rCold    . . .     Faith    .   (shield currently unavailable)
rNeg     + + +     Spirit   .   (armour currently unavailable)
rPois    +         Reflect  .   (helmet currently unavailable)
rElec    .         Harm     .   (cloak currently unavailable)
rCorr    .         Rampage  .   (gloves currently unavailable)
Will     .....                  (boots currently unavailable)
Stlth    +.........             (no amulet)
HPRegen  0.15/turn              j - +4 ring of evasion
MPRegen  0.09/turn              k - ring of see invisible

@: fungus-form
A: melee confuse, terrified, no casting, tiny, (horns 2), (retaliatory headbutt)
a: no special abilities


You were on level 4 of the Dungeon.
You were a sentient fungus.
You visited 1 branch of the dungeon, and saw 4 of its levels.

You collected 198 gold pieces.

Inventory:

Hand Weapons
 a - a +0 long sword
 n - a +1 short sword of venom (melded)
Missiles
 e - 34 poisoned darts (quivered)
Armour
 b - a +0 scale mail (melded)
 c - a +0 kite shield (melded)
 f - a +0 pair of boots (melded)
Jewellery
 j - a +4 ring of evasion (left hypha)
 k - a ring of see invisible (right hypha)
Scrolls
 h - a scroll of silence {unknown}
 i - a scroll of summoning {unknown}
 l - a scroll of brand weapon {unknown}
 o - a scroll of noise {unknown}
 p - a scroll of blinking {unknown}
Potions
 d - a potion of might
 g - a potion of magic {unknown}
 m - a potion of brilliance {unknown}


   Skills:
 - Level 3.6 Fighting
 + Level 7.0 Long Blades
 - Level 3.6 Armour
 - Level 3.6 Shields


You had 4 spell levels left.
You didn't know any spells.
Your spell library was empty.

Dungeon Overview and Level Annotations

Branches:
Dungeon (4/15)
 Temple: D:4-7

Altars:
Ashenzari
Gozag
Hepliaklqana
Qazlal

Annotations:
D:4 Eustachio


Innate Abilities, Weirdness & Mutations

You are a sentient fungus.
You are tiny and evasive.
Your melee attack releases spores that confuse breathing creatures.
You become terrified and freeze when enemies are visible.
Your armour is entirely melded.
You are incapable of wielding weapons or throwing items.
You cannot cast spells.
((You have a pair of horns on your head.))
((You reflexively headbutt those who attack you in melee.))


Message History

The adder bites you but does no damage.
You miss the adder.
The adder is lightly wounded.
The adder bites you but does no damage.
You miss the adder. You headbutt the adder.
The adder is heavily wounded.
You block the adder's attack. The adder closely misses you.
You furiously retaliate!
You headbutt the adder!
You kill the adder!
Your Long Blades skill increases to level 7!
No target in view!
No target in view!
Found 13 arrows.
Found an opulent altar of Gozag.
You now have 197 gold pieces (gained 1).
You now have 198 gold pieces (gained 1).
Eustachio the Magnificent comes into view.
He is wielding a +0 rapier, wearing a +3 leather armour of poison resistance and carrying a wand of polymorph (8).
Eustachio shouts!
Eustachio is nearby!
Eustachio zaps a wand.
You turn into a sentient fungus.
Your +1 short sword of venom melds into your body.
Your +0 pair of boots melds into your body.
Your +0 kite shield melds into your body.
Your +0 scale mail melds into your body.
Your +1 short sword of venom stops dripping with poison.
You're too terrified to move while being watched!
You're too terrified to move while being watched!
You're too terrified to move while being watched!
Eustachio zaps a wand.
Eustachio casts a spell.
Eustachio blinks!
Eustachio gestures wildly while chanting.
Eustachio casts a spell.
The bat completely misses you. x2; The quokka completely misses you.
Eustachio mumbles some strange words.
The bat completely misses you. The quokka misses you.
The bat completely misses you. The bat misses you. The bat closely misses you.
The bat misses you. The bat hits you. The quokka barely misses you.
Are you sure you want to abandon this character and quit the game? (Confirm with "yes".)

#.##### #.#..(##
####.#..b.##
........r..####
#.....b@f....#
#.........##.#
#####.#........#.##
......#.#.b........
#.........####
##.#..$..##
#.###.###
#######.##.$.#
#........#$.$#


You could see Eustachio, a quokka (summoned) and 3 bats.

Vanquished Creatures
  A bullfrog skeleton (D:3)
  7 adders
  3 gnolls (D:3)
  2 worms (D:2)
  A dart slug (D:2)
  5 endoplasms
  A giant cockroach (D:3)
  4 goblins
  5 hobgoblins
  5 jackals
  10 kobolds
  7 quokkas
  6 ball pythons
  7 bats
  A frilled lizard (D:1)
  3 rats
68 creatures vanquished.

Notes
Turn   | Place    | Note
-------+----------+-------------------------------------------
     0 | D:1      | siradein the Minotaur Fighter began the quest for the Orb.
     0 | D:1      | Reached XP level 1. HP: 19/19 MP: 0/0
    95 | D:1      | Reached skill level 3 in Long Blades
   281 | D:1      | Reached XP level 2. HP: 19/26 MP: 1/1
   838 | D:1      | Reached skill level 4 in Long Blades
   988 | D:1      | Reached XP level 3. HP: 31/31 MP: 2/2
  1823 | D:2      | Reached skill level 5 in Long Blades
  1835 | D:2      | Reached XP level 4. HP: 25/39 MP: 3/3
  2228 | D:3      | Found a stormy altar of Qazlal.
  2231 | D:3      | Found a broken altar of Ashenzari.
  2233 | D:3      | Found a hazy altar of Hepliaklqana.
  2361 | D:3      | Reached skill level 6 in Long Blades
  2576 | D:3      | Reached XP level 5. HP: 44/45 MP: 4/4
  2712 | D:3      | Found a faded altar of an unknown god.
  2976 | D:4      | Reached skill level 7 in Long Blades
  2994 | D:4      | Found an opulent altar of Gozag.
  3000 | D:4      | Noticed Eustachio
  3009 | D:4      | Quit the game

Illustrated notes

Levels and vault maps discovered:
D:1:      evilmike_arrival_rings, layout_basic
D:2:      layout_rooms, kennysheep_doodads
D:3:      layout_rooms, minitemple, chequers_ecumenical_altar_simple,
          kennysheep_generic_room_7
D:4:      layout_loops_ring, lemuel_tele_altar, lemuel_round_altar,
          grunt_gozag_breadcrumbs, uniq_eustachio, uniq_menkaure

Skill      XL: |  1  2  3  4  5 |
---------------+----------------+-----
Long Blades    | 3 4 5 6 7 |  7.0
Fighting       | |  3.6
Armour         | |  3.6
Shields        | |  3.6

Action                   |  1- 3 |  4- 6 || total
-------------------------+-------+-------++-------
Melee: Long sword        |    90 |     7 ||    97
       Headbutt          |    12 |    13 ||    25
       Short sword       |       |    59 ||    59
Armor: Scale mail        |    33 |    16 ||    49
Dodge: Dodged            |    36 |    48 ||    84
Block: Kite shield       |    40 |    45 ||    85
       Rpst.: Long sword |     7 |     1 ||     8

Table legend: (Time is in decaauts)
 A = Elapsed time spent in this place.
 B = Non-inter-level travel time spent in this place.
 C = Inter-level travel time spent in this place.
 D = Time resting spent in this place.
 E = Time spent auto-exploring this place.
 F = Levels seen in this place.
 G = Mean time per level.
                   A        B        C        D        E       F      G
               +--------+--------+--------+--------+--------+-----+--------+
         Total |   3058 |   3002 |     56 |    253 |   2206 |   4 |  764.5 |
       Dungeon |   3058 |   3002 |     56 |    253 |   2206 |   4 |  764.5 |
               +--------+--------+--------+--------+--------+-----+--------+

Top non-repeatable levels by time:
     D:1: 1346 daAuts
     D:2: 860 daAuts
     D:3: 791 daAuts
     D:4: 59 daAuts
